 Dungeon Crawl Stone Soup version 0.24.0-123-gd5b16e6ec5 (webtiles) character file.

Game seed: 2633044570090116243, levelgen mode: deterministic

2231 DungeonDestroyer the Shield-Bearer (level 9, -3/74 HPs)
             Began as a Gnoll Fighter on Jan 21, 2020.
             Was an Initiate of Gozag.
             Slain by an orc warrior
             ... wielding a +0 trident
              (9 damage)
             ... on level 6 of the Dungeon.
             The game lasted 00:12:04 (6500 turns).

DungeonDestroyer the Shield-Bearer (Gnoll Fighter)  Turns: 6500, Time: 00:12:04

Health: -3/74      AC: 16    Str: 20    XL:     9   Next: 36%
Magic:  15/15      EV:  9    Int: 11    God:    Gozag
Gold:   293        SH: 12    Dex: 18    Spells: 16/16 levels left

rFire    . . .     SeeInvis .   a - +1 long sword
rCold    . . .     Gourm    .   c - +1 shield
rNeg     . . .     Faith    .   x - +0 chain mail (curse)
rPois    .         Spirit   .   o - +0 helmet
rElec    .         Reflect  .   n - +0 cloak
rCorr    .         Harm     .   w - +0 pair of gloves
MR       ++...                  (no boots)
Stlth    ..........             (no amulet)
HPRegen  0.22/turn              g - +2 ring of protection
MPRegen  0.14/turn              B - ring of protection from magic

@: gold aura
A: distributed training, fangs 1, agile 1, magic resistance 1, MP-powered wands,
strong nose
a: Potion Petition, Call Merchant, Bribe Branch, Renounce Religion


You were on level 6 of the Dungeon.
You worshipped Gozag.
Gozag was aware of your devotion.
You were not hungry.

You visited 1 branch of the dungeon, and saw 6 of its levels.
You also visited: Ossuary.

You collected 631 gold pieces.
You spent 275 gold pieces at shops.
You paid 63 gold pieces to Gozag.

Inventory:

Hand Weapons
 a - a +1 long sword (weapon)
 j - a +0 mace
Missiles
 e - 89 stones (quivered)
 h - 13 boomerangs
 i - 55 bolts
 k - 59 arrows
 r - 25 poisoned darts
 u - 2 atropa-tipped darts
 y - 37 sling bullets
Armour
 c - a +1 shield (worn)
 n - a +0 cloak (worn)
 o - a +0 helmet (worn)
 w - a +0 pair of gloves (worn)
 x - a cursed +0 chain mail (worn)
Jewellery
 g - a +2 ring of protection (left hand)
 l - an uncursed ring of flight
 B - a ring of protection from magic (right hand)
Scrolls
 m - 10 scrolls of identify
 p - 2 scrolls of fear
 q - 3 scrolls of teleportation
 s - 5 scrolls of remove curse
 v - a scroll of magic mapping
 C - a scroll of enchant weapon
 D - a scroll of amnesia {unknown}
Potions
 b - a potion of heal wounds
 d - 2 potions of might
 t - a potion of haste
 z - 2 potions of lignification
 A - 2 potions of curing
Comestibles
 f - 2 rations


   Skills:
 + Level 7.8 Fighting
 + Level 4.1 Short Blades
 + Level 6.2 Long Blades
 + Level 4.1 Axes
 + Level 4.1 Maces & Flails
 + Level 4.1 Polearms
 + Level 4.1 Staves
 + Level 4.1 Slings
 + Level 4.1 Bows
 + Level 4.1 Crossbows
 + Level 4.1 Throwing
 + Level 7.8 Armour
 + Level 4.1 Dodging
 + Level 4.1 Stealth
 + Level 7.8 Shields
 + Level 4.1 Unarmed Combat
 + Level 4.1 Spellcasting
 + Level 3.3 Conjurations
 + Level 3.3 Hexes
 + Level 3.3 Charms
 + Level 3.3 Summonings
 + Level 3.3 Necromancy
 + Level 3.3 Translocations
 + Level 3.3 Transmutations
 + Level 3.3 Fire Magic
 + Level 3.3 Ice Magic
 + Level 3.3 Air Magic
 + Level 3.3 Earth Magic
 + Level 3.3 Poison Magic
 + Level 4.5 Invocations
 + Level 4.1 Evocations


You had 16 spell levels left.
You didn't know any spells.
Your spell library was empty.

Dungeon Overview and Level Annotations

Branches:
Dungeon (6/15)            Ossuary (visited)
 Temple: D:4-7

Altars:
Elyvilon
Fedhas
Gozag
Trog
Zin

Shops:
D:6 =


Innate Abilities, Weirdness & Mutations

Your experience applies equally to all skills.
You have very sharp teeth.
Your uncanny sense of smell can sniff out nearby items.
You are agile. (Dex +2)
You are resistant to hostile enchantments. (MR+)
You expend magic power (3 MP) to strengthen your wands.


Message History

The orc warrior hits you with a +0 trident!
The orc priest closely misses you.
You riposte.
You hit the orc priest.
You kill the orc priest!
You block the orc warrior's attack.
Things that are here:
8 gold pieces; a +0 club Unknown command.
You closely miss the orc warrior.
The orc warrior is severely wounded.
The orc warrior hits you with a +0 trident!
* * * LOW HITPOINT WARNING * * *
You hit the orc warrior.
The orc warrior is severely wounded.
The orc warrior hits you with a +0 trident.
* * * LOW HITPOINT WARNING * * *
You closely miss the orc warrior.
The orc warrior is severely wounded.
The orc warrior hits you with a +0 trident!
You die...
Your body crumbles into a pile of gold.

#...## #....# #..P#.
#....# #..#.. #....#
#..#.. #....#
######..##_ #....#
#........#P #....#
#.......... #..<.#
#.....#'##. #..o@#
#.....'..#. #..$.#
#.....#..#. #..#....#
+.....#..#. #..#....#
#.....#..##
#..#....######.....#..#
#..#...............#..#
#..#...............#..#
#..#...............####
#..#...............+


You could see an orc warrior.

Vanquished Creatures
  A two-headed ogre (D:5)
  A wraith (Ossuary)
  A hungry ghost (D:4)
  3 ogres
  An ice beast (D:2)
  2 centaurs
  A crimson imp (D:6)
  2 hounds
  Crazy Yiuf (D:2)
  2 orc priests
  A jelly (D:6)
  2 orc wizards
  A bullfrog skeleton (D:4)
  A centaur skeleton (D:4)
  2 iguanas (D:4)
  5 worker ants
  A big kobold zombie (Ossuary)
  4 mummies
  A worker ant zombie (D:6)
  6 gnolls
  A howler monkey skeleton (D:6)
  6 adders
  An adder zombie (D:5)
  An adder skeleton (D:4)
  A worm (D:3)
  4 dart slugs
  7 leopard geckos
  16 orcs
  3 bats (D:1)
  A bat zombie (D:6)
  17 giant cockroaches
  4 goblins
  5 hobgoblins
  4 jackals
  3 quokkas
  3 ball pythons
  3 frilled lizards
  4 goblin zombies (Ossuary)
  3 hobgoblin zombies (Ossuary)
  A jackal skeleton (D:4)
  3 kobolds
  5 kobold zombies (Ossuary)
  2 leopard gecko zombies
  A quokka skeleton (D:5)
  6 rats
  2 rat zombies (D:6)
146 creatures vanquished.

Notes
Turn   | Place    | Note
-------+----------+-------------------------------------------
     0 | D:1      | DungeonDestroyer the Gnoll Fighter began the quest for the
                  | Orb.
     0 | D:1      | Reached XP level 1. HP: 23/23 MP: 1/1
   223 | D:1      | Reached XP level 2. HP: 19/29 MP: 2/2
   677 | D:1      | Reached XP level 3. HP: 35/35 MP: 3/3
  1147 | D:2      | Reached skill level 1 in Invocations
  1181 | D:2      | Found a runed translucent door.
  1182 | D:2      | Noticed Crazy Yiuf
  1248 | D:2      | Noticed an ice beast
  1259 | D:2      | HP: 1/35 [ice beast (6)]
  1266 | D:2      | Killed an ice beast
  1266 | D:2      | Reached skill level 1 in Short Blades
  1266 | D:2      | Reached skill level 1 in Axes
  1266 | D:2      | Reached skill level 1 in Maces & Flails
  1266 | D:2      | Reached skill level 1 in Polearms
  1266 | D:2      | Reached skill level 1 in Staves
  1266 | D:2      | Reached skill level 1 in Slings
  1266 | D:2      | Reached skill level 1 in Bows
  1266 | D:2      | Reached skill level 1 in Crossbows
  1266 | D:2      | Reached skill level 1 in Throwing
  1266 | D:2      | Reached skill level 1 in Dodging
  1266 | D:2      | Reached skill level 1 in Stealth
  1266 | D:2      | Reached skill level 1 in Unarmed Combat
  1266 | D:2      | Reached skill level 1 in Spellcasting
  1266 | D:2      | Reached skill level 1 in Conjurations
  1266 | D:2      | Reached skill level 1 in Hexes
  1266 | D:2      | Reached skill level 1 in Charms
  1266 | D:2      | Reached skill level 1 in Summonings
  1266 | D:2      | Reached skill level 1 in Necromancy
  1266 | D:2      | Reached skill level 1 in Translocations
  1266 | D:2      | Reached skill level 1 in Transmutations
  1266 | D:2      | Reached skill level 1 in Fire Magic
  1266 | D:2      | Reached skill level 1 in Ice Magic
  1266 | D:2      | Reached skill level 1 in Air Magic
  1266 | D:2      | Reached skill level 1 in Earth Magic
  1266 | D:2      | Reached skill level 1 in Poison Magic
  1266 | D:2      | Reached skill level 1 in Evocations
  1266 | D:2      | Reached XP level 4. HP: 2/41 MP: 5/5
  1266 | D:2      | Reached XP level 5. HP: 2/47 MP: 6/6
  1925 | D:2      | Killed Crazy Yiuf
  2608 | D:3      | Gained mutation: You expend magic power (3 MP) to
                  | strengthen your wands. [potion of mutation]
  2608 | D:3      | Gained mutation: You are agile. (Dex +2) [potion of
                  | mutation]
  2608 | D:3      | Gained mutation: You are resistant to hostile enchantments.
                  | (MR+) [potion of mutation]
  2696 | D:4      | Noticed an ogre
  2701 | D:4      | Killed an ogre
  2701 | D:4      | Reached XP level 6. HP: 35/53 MP: 8/8
  2727 | D:4      | Reached skill level 5 in Long Blades
  2869 | D:4      | Reached XP level 7. HP: 26/59 MP: 10/10
  2913 | D:4      | Found a blossoming altar of Fedhas.
  3061 | D:4      | Found a sand-covered staircase.
  3070 | Ossuary  | Entered an ossuary
  3070 | Ossuary  | Noticed a wraith
  3070 | Ossuary  | Noticed a wraith
  3070 | Ossuary  | Noticed a wraith
  3694 | Ossuary  | Noticed a wraith
  3728 | Ossuary  | Killed a wraith
  4195 | D:4      | Noticed a hungry ghost
  4207 | D:4      | Killed a hungry ghost
  4207 | D:4      | Reached XP level 8. HP: 67/67 MP: 10/12
  4525 | D:4      | Found an opulent altar of Gozag.
  4881 | D:4      | Became a worshipper of Gozag Ym Sagoz the Greedy
  4997 | D:5      | Entered Level 5 of the Dungeon
  5153 | D:5      | Noticed a two-headed ogre
  5868 | D:5      | Killed a two-headed ogre
  5868 | D:5      | Reached XP level 9. HP: 30/73 MP: 14/14
  6259 | D:6      | Found a glowing silver altar of Zin.
  6267 | D:6      | Found a white marble altar of Elyvilon.
  6267 | D:6      | Found a bloodstained altar of Trog.
  6314 | D:6      | Found Vesom's Jewellery Emporium.
  6324 | D:6      | Bought an uncursed ring of protection from magic for 275
                  | gold pieces
  6500 | D:6      | Slain by an orc warrior

Levels and vault maps discovered:
D:1:      nagdon_arrival_double_spiral, layout_basic
D:2:      minmay_roachtagon, layout_basic, uniq_crazy_yiuf_cottage
D:3:      layout_basic
D:4:      layout_basic, nicolae_gozag_seed_capital, gup_ossuary_entry_pyramid,
          first_ration, abandoned_shop, fedhas_altar_2
D:5:      layout_basic
D:6:      layout_gridville, gammafunk_temple_overflow_forgotten,
          lemuel_zombie_altar_kikubaaqudgha, minmay_temple_entry_hall,
          serial_shops, nicolae_shop_crystal, uniq_sigmund

Skill      XL: |  1  2  3  4  5  6  7  8  9 |
---------------+----------------------------+-----
Invocations    | 1 2 3 4 |  4.5
Short Blades   | 1 2 3 4 |  4.1
Axes           | 1 2 3 4 |  4.1
Maces & Flails | 1 2 3 4 |  4.1
Polearms       | 1 2 3 4 |  4.1
Staves         | 1 2 3 4 |  4.1
Slings         | 1 2 3 4 |  4.1
Bows           | 1 2 3 4 |  4.1
Crossbows      | 1 2 3 4 |  4.1
Throwing       | 1 2 3 4 |  4.1
Dodging        | 1 2 3 4 |  4.1
Stealth        | 1 2 3 4 |  4.1
Unarmed Combat | 1 2 3 4 |  4.1
Spellcasting   | 1 2 3 4 |  4.1
Conjurations   | 1 2 3 |  3.3
Hexes          | 1 2 3 |  3.3
Charms         | 1 2 3 |  3.3
Summonings     | 1 2 3 |  3.3
Necromancy     | 1 2 3 |  3.3
Translocations | 1 2 3 |  3.3
Transmutations | 1 2 3 |  3.3
Fire Magic     | 1 2 3 |  3.3
Ice Magic      | 1 2 3 |  3.3
Air Magic      | 1 2 3 |  3.3
Earth Magic    | 1 2 3 |  3.3
Poison Magic   | 1 2 3 |  3.3
Evocations     | 1 2 3 4 |  4.1
Long Blades    | 5 6 |  6.2
Fighting       | 7 |  7.8
Armour         | 7 |  7.8
Shields        | 7 |  7.8

Action                   |  1- 3 |  4- 6 |  7- 9 || total
-------------------------+-------+-------+-------++-------
Melee: Long sword        |    77 |   152 |   339 ||   568
       Bite              |     7 |    18 |    55 ||    80
  Use: Scroll            |     3 |     4 |     4 ||    11
       Potion            |     1 |     4 |     4 ||     9
  Eat: Chunk             |     1 |     5 |     2 ||     8
       Ration            |       |       |     4 ||     4
Armor: Scale mail        |    24 |    39 |       ||    63
       Chain mail        |       |    11 |   114 ||   125
Dodge: Dodged            |    17 |    38 |    89 ||   144
Block: Shield            |    34 |    95 |   205 ||   334
       Rpst.: Long sword |     3 |    10 |    32 ||    45
